AoeStats
← Comend x comend

Arena

507345821Analyzed
4v4 RM · 14d ago on Sep 17, 2026· 61m 26s· 8 players
Game mode
Random Map
Map size
Large (8 player)
Population
200
Speed
Normal
Resources
Standard
Victory
Conquest
Starting age
Dark Age
Ending age
Imperial Age
RankedLock teamsTeams togetherTeam positionsShared explorationLock speedFull tech treeHidden civsTurbo modeCheats
Victory
Defeat
🇺🇸 Byzantines · United States
1473
+12
🇨🇱 Persians · Chile
1382
+16
🇲🇽 Britons · Mexico
1337
+18
🇨🇱 Khmer · Chile
1292
+19
🇩🇪 Khmer · Germany
1420
-18
🇵🇪 Turks · Peru
1397
-17
🇲🇽 Vietnamese · Mexico
1380
-16
🇮🇹 Romans · Italy
1318
-14
Kellerrusse45
10:03 Feudal Age
14:10 Castle Age
13:43 Double-Bit Axe
13:41 Horse Collar
15:37 Heavy Plow
15:30 Loom
16:28 Bow Saw
23:48 Gold Mining
26:14 Gold Shaft Mining
25:33 Stone Mining
28:35 Imperial Age
26:44 Wheelbarrow
28:01 Stone Shaft Mining
28:21 Hand Cart
28:32 Hand Cart
29:17 Husbandry
29:28 Bloodlines
30:36 Conscription
30:17 Elite Ballista Elephant
31:21 Siege Engineers
32:35 Ballistics
32:18 Loom
32:18 Town Watch
35:27 Chemistry
35:03 Scale Mail Armor
35:11 Scale Barding Armor
37:16 Chain Barding Armor
39:50 Double Crossbow
43:59 Plate Barding Armor
44:46 Masonry
45:14 Fletching
49:40 Scale Mail Armor
49:36 Bodkin Arrow
51:22 Pikeman
52:53 Bracer
52:30 Halberdier
53:37 Light Cavalry
56:47 Hussar
Spada_Arancio
11:28 Feudal Age
12:49 Double-Bit Axe
15:50 Castle Age
13:50 Horse Collar
17:31 Bow Saw
20:31 Wheelbarrow
24:02 Forging
25:22 Husbandry
26:26 Iron Casting
28:27 Imperial Age
26:29 Squires
25:49 Pikeman
27:07 Bloodlines
27:10 Scale Mail Armor
28:43 Ballistics
28:59 Town Watch
30:12 Chain Mail Armor
30:58 Blast Furnace
30:57 Ballistas
31:13 Conscription
30:30 Halberdier
32:47 Hand Cart
32:19 Heavy Scorpion
34:19 Chemistry
35:05 Siege Engineers
34:56 Fletching
35:52 Heavy Plow
37:44 Bodkin Arrow
46:07 Elite Centurion
47:07 Scale Barding Armor
50:15 Chain Barding Armor
52:38 Comitatenses
55:33 Plate Barding Armor
Comend x comend
12:15 Feudal Age
16:19 Castle Age
21:03 Imperial Age
29:57 Town Watch
35:16 Loom
54:36 Wheelbarrow
54:02 Double-Bit Axe
kazumakine
9:52 Feudal Age
10:05 Loom
10:29 Double-Bit Axe
13:31 Fletching
23:23 Horse Collar
23:35 Gold Mining
23:37 Stone Mining
25:59 Castle Age
27:00 Bow Saw
27:48 Wheelbarrow
27:24 Heavy Plow
29:35 Bodkin Arrow
30:21 Town Watch
36:11 Imperial Age
34:10 Scale Mail Armor
34:27 Forging
34:54 Pikeman
35:34 Squires
36:56 Ballistics
37:56 Chemistry
37:15 Bracer
38:27 Capped Ram
39:03 Elite Skirmisher
43:58 Imperial Skirmisher
45:17 Imperial Skirmisher
47:20 Two-Man Saw
47:19 Thumb Ring
48:32 Padded Archer Armor
52:53 Leather Archer Armor
52:55 Chain Mail Armor
PaRappa56
10:32 Feudal Age
14:25 Castle Age
13:24 Double-Bit Axe
13:20 Horse Collar
15:08 Loom
25:03 Imperial Age
23:56 Fletching
23:36 Crossbowman
25:08 Bodkin Arrow
26:00 Bracer
31:57 Ballistics
35:38 Chemistry
34:45 Padded Archer Armor
44:43 Bow Saw
44:39 Heavy Plow
45:48 Wheelbarrow
51:40 Elite Skirmisher
55:33 Leather Archer Armor
55:36 Thumb Ring
55:51 Hand Cart
57:27 Ring Archer Armor
56:40 Arbalester
BP | ham.io
8:52 Feudal Age
7:59 Loom
10:37 Fletching
18:29 Castle Age
19:07 Bodkin Arrow
20:44 Guard Tower
23:22 Horse Collar
23:39 Double-Bit Axe
27:39 Padded Archer Armor
28:33 Bow Saw
32:59 Wheelbarrow
33:19 Heavy Plow
36:31 Imperial Age
34:34 Leather Archer Armor
35:25 Ballistics
35:26 Gold Mining
35:29 Stone Mining
37:24 Yeomen
38:12 Conscription
38:36 Bracer
39:28 Gold Shaft Mining
41:57 Chemistry
42:20 Elite Longbowman
44:35 Ring Archer Armor
47:26 Keep
50:18 Two-Man Saw
54:17 Coinage
53:59 Fortified Wall
54:16 Warwolf
56:16 Hand Cart
BP | LordGio
7:11 Loom
9:19 Feudal Age
15:38 Castle Age
14:57 Double-Bit Axe
15:12 Horse Collar
19:19 Bow Saw
20:11 Wheelbarrow
23:44 Heavy Plow
24:47 Bloodlines
24:27 Light Cavalry
28:56 Imperial Age
27:00 Husbandry
28:03 Scale Barding Armor
28:32 Forging
29:28 Chain Barding Armor
29:00 Elite Skirmisher
30:18 Iron Casting
29:24 Hussar
30:30 Fletching
30:40 Padded Archer Armor
32:06 Plate Barding Armor
33:02 Blast Furnace
32:13 Gold Mining
32:31 Bodkin Arrow
33:40 Leather Archer Armor
34:19 Gold Shaft Mining
35:25 Ring Archer Armor
36:26 Ballistics
37:08 Chemistry
39:15 Conscription
39:54 Crop Rotation
40:01 Bracer
40:52 Elite Battle Elephant
43:07 Heavy Scorpion
43:26 Onager
58:03 Hand Cart
57:33 Town Watch
60:45 Scale Mail Armor
60:43 Pikeman
61:11 Arson
61:16 Halberdier
MaximoMGM
9:40 Feudal Age
10:56 Loom
14:05 Castle Age
12:38 Double-Bit Axe
12:42 Horse Collar
14:49 Bow Saw
22:08 Heavy Plow
24:02 Scale Barding Armor
25:03 Husbandry
25:29 Forging
25:28 Town Watch
26:26 Gold Mining
26:58 Bloodlines
27:30 Wheelbarrow
27:09 Stone Mining
30:39 Imperial Age
29:16 Chain Barding Armor
29:26 Hand Cart
29:52 Iron Casting
30:09 Light Cavalry
31:41 Plate Barding Armor
32:08 Two-Man Saw
30:51 Cavalier
32:44 Blast Furnace
33:23 Crop Rotation
33:30 Gold Shaft Mining
33:21 Hussar
34:41 Fletching
34:48 Savar
36:03 Heavy Camel Rider
46:36 Conscription
Connection lost

Rejoining the realm…

Still unreachable

The connection could not be restored.

Session expired

The server has moved on; the page needs a fresh start.